AoeStats
← Pandax28

Black Forest

506854994Analyzed
3v3 RM · 18d ago on Sep 15, 2026· 52m 42s· 6 players
Game mode
Random Map
Map size
Normal (6 player)
Population
200
Speed
Normal
Resources
Standard
Victory
Conquest
Starting age
Dark Age
Ending age
Imperial Age
RankedLock teamsTeams togetherTeam positionsShared explorationLock speedFull tech treeHidden civsTurbo modeCheats
Victory
Defeat
🇩🇪 Britons · Germany
903
+11
🇩🇪 Spanish · Germany
827
+13
🇮🇳 Vietnamese · India
792
+16
🇮🇳 Khmer · India
791
-14
🇻🇳 Franks · Vietnam
788
-24
🇵🇪 Inca · Peru
740
-12
sTaZero
0:54 Loom
12:49 Feudal Age
17:23 Castle Age
15:47 Horse Collar
15:57 Double-Bit Axe
26:36 Heavy Plow
27:03 Gold Mining
27:03 Stone Mining
27:37 Bow Saw
32:00 Imperial Age
30:10 Wheelbarrow
31:38 Hand Cart
31:30 Husbandry
32:11 Bloodlines
32:45 Stone Shaft Mining
32:09 Cavalier
33:02 Forging
32:52 Scale Mail Armor
32:57 Scale Barding Armor
33:57 Two-Man Saw
34:17 Chemistry
33:31 Paladin
36:19 Caravan
37:12 Iron Casting
37:53 Chain Mail Armor
37:58 Chain Barding Armor
37:14 Pikeman
38:46 Conscription
39:41 Blast Furnace
38:28 Halberdier
41:25 Fletching
42:06 Plate Mail Armor
42:12 Plate Barding Armor
41:28 Fletching
41:38 Padded Archer Armor
42:09 Squires
41:54 Arson
42:41 Light Cavalry
43:50 Hussar
48:39 Onager
48:41 Capped Ram
49:36 Bodkin Arrow
49:56 Leather Archer Armor
50:08 Ballistics
49:59 Fortified Wall
51:02 Stone Shaft Mining
51:12 Elite Conquistador
52:27 Hoardings
Nickname1797
3:56 Loom
13:29 Feudal Age
19:34 Castle Age
20:39 Wheelbarrow
20:00 Stone Mining
20:02 Gold Mining
19:54 Horse Collar
20:02 Double-Bit Axe
23:28 Heavy Plow
28:00 Ballistics
29:28 Hand Cart
29:01 Town Watch
30:44 Bow Saw
30:34 Fletching
30:44 Padded Archer Armor
30:20 Pikeman
31:00 Squires
33:02 Yeomen
35:18 Imperial Age
34:46 Town Patrol
35:09 Bodkin Arrow
35:37 Leather Archer Armor
37:09 Conscription
36:53 Warwolf
38:11 Two-Man Saw
37:52 Gold Shaft Mining
38:02 Caravan
38:14 Guilds
38:36 Coinage
39:03 Bracer
39:34 Ring Archer Armor
39:04 Scale Mail Armor
39:15 Forging
39:10 Scale Barding Armor
40:15 Chemistry
39:27 Fortified Wall
40:29 Arson
40:42 Murder Holes
40:38 Heated Shot
40:39 Arrowslits
41:06 Masonry
40:40 Treadmill Crane
42:27 Hoardings
41:23 Halberdier
42:22 Chain Mail Armor
42:12 Guard Tower
43:45 Elite Longbowman
45:08 Iron Casting
45:19 Sappers
46:26 Architecture
46:31 Banking
50:21 Blast Furnace
49:52 Plate Mail Armor
49:42 Chain Barding Armor
selectpanda5791
10:14 Feudal Age
17:20 Castle Age
15:22 Horse Collar
16:26 Double-Bit Axe
17:37 Fletching
18:44 Bow Saw
22:17 Crossbowman
25:53 Thumb Ring
27:00 Wheelbarrow
29:21 Ballistics
32:20 Imperial Age
30:24 Gold Mining
31:18 Bodkin Arrow
31:24 Padded Archer Armor
32:02 Caravan
31:52 Town Watch
33:08 Hand Cart
34:04 Chemistry
33:18 Loom
33:57 Bracer
33:52 Arbalester
35:15 Leather Archer Armor
36:28 Two-Man Saw
40:32 Onager
41:21 Siege Engineers
41:43 Bombard Tower
42:18 Ring Archer Armor
dragoleopold
0:37 Loom
12:29 Feudal Age
20:05 Castle Age
18:29 Horse Collar
18:41 Double-Bit Axe
18:49 Gold Mining
18:49 Stone Mining
20:09 Wheelbarrow
25:34 Bow Saw
28:10 Hand Cart
29:24 Heavy Plow
30:24 Fortified Wall
33:41 Imperial Age
32:59 Forging
32:39 Fletching
33:37 Gold Shaft Mining
33:38 Stone Shaft Mining
34:37 Iron Casting
34:02 Padded Archer Armor
34:50 Conscription
36:37 Blast Furnace
35:32 Bodkin Arrow
35:43 Tusk Swords
36:26 Crop Rotation
36:31 Leather Archer Armor
36:46 Double Crossbow
38:22 Elite Ballista Elephant
39:41 Scale Barding Armor
40:07 Ring Archer Armor
39:38 Bracer
41:25 Scale Mail Armor
40:47 Pikeman
41:34 Halberdier
Pandax28
0:34 Loom
12:41 Feudal Age
15:12 Horse Collar
15:21 Double-Bit Axe
17:52 Wheelbarrow
18:42 Wheelbarrow
20:58 Stone Mining
23:50 Castle Age
23:23 Gold Mining
24:03 Forging
23:55 Scale Mail Armor
23:55 Champi Runner
24:23 Arson
24:34 Fletching
24:45 Padded Archer Armor
25:39 Champi Warrior
27:47 Heavy Plow
28:07 Bow Saw
28:47 Iron Casting
29:41 Bodkin Arrow
31:17 Treadmill Crane
31:49 Squires
32:28 Ballistics
33:20 Andean Sling
34:01 Elite Skirmisher
35:23 Murder Holes
36:31 Leather Archer Armor
37:10 Thumb Ring
39:27 Chain Mail Armor
DorsalMold8400
15:35 Feudal Age
13:50 Loom
17:29 Wheelbarrow
17:56 Double-Bit Axe
18:48 Town Watch
19:06 Gold Mining
24:15 Stone Mining
26:34 Castle Age
27:27 Bow Saw
28:02 Gold Shaft Mining
27:58 Hand Cart
28:13 Man-at-Arms
29:54 Gambesons
33:03 Town Patrol
33:42 Fortified Wall
33:29 Long Swordsman
38:39 Imperial Age
42:03 Chemistry
Connection lost

Rejoining the realm…

Still unreachable

The connection could not be restored.

Session expired

The server has moved on; the page needs a fresh start.